 Dungeon Crawl Stone Soup version 0.23.0 (webtiles) character file.

Game seed: 14091823616889265213

861 Borgoz the Sneak (level 8, -4/67 HPs)
             Began as a Ghoul Assassin on Feb 17, 2019.
             Was a Follower of Dithmenos.
             Slain by a wraith (8 damage)
             ... in an ossuary.
             The game lasted 00:10:49 (5297 turns).

Borgoz the Sneak (Ghoul Assassin)                   Turns: 5297, Time: 00:10:49

Health: -4/67      AC: 10    Str: 15    XL:     8   Next: 2%
Magic:  7/7        EV: 13    Int:  8    God:    Dithmenos [*.....]
Gold:   148        SH:  0    Dex: 10    Spells: 7/7 levels left

rFire    + . .     SeeInvis .   a - +2 dagger
rCold    + + .     Gourm    .   (no shield)
rNeg     + + +     Faith    .   o - +2 robe {rC+}
rPois    ∞         Spirit   .   (no helmet)
rElec    .         Reflect  .   d - +0 cloak
rCorr    .         Harm     .   w - +2 pair of gloves
MR       .....                  (no boots)
Stlth    +++.......             (no amulet)
HPRegen  0.00/turn              h - ring of protection from fire
MPRegen  0.10/turn              t - +2 ring of protection

@: rotting, slowed, wreathed by umbra, very slow
A: rotting body, claws 1, carnivore, cold resistance 1, negative energy
resistance 3, inhibited regeneration, torment resistance, unbreathing
a: Renounce Religion


You were in an ossuary.
You worshipped Dithmenos.
Dithmenos was aware of your devotion.
You were not hungry.

You visited 2 branches of the dungeon, and saw 6 of its levels.
You also visited: Sewer and Ossuary.

You collected 148 gold pieces.

Inventory:

Hand Weapons
 a - a +2 dagger (weapon)
 b - a +0 blowgun
 v - a +0 club of chaos
Missiles
 e - 21 poisoned needles
 f - 2 curare-tipped needles
 x - 6 needles of paralysis
Armour
 c - a +0 leather armour
 d - a +0 cloak (worn)
 k - a +0 pair of gloves
 o - a +2 robe of cold resistance (worn)
 w - a +2 pair of gloves (worn)
Jewellery
 h - a ring of protection from fire (left hand)
 j - a +2 ring of intelligence
 l - an uncursed ring of see invisible
 s - an uncursed ring of protection from fire
 t - a +2 ring of protection (right hand)
Scrolls
 i - a scroll of blinking {unknown}
 m - 3 scrolls of identify
 n - 5 scrolls of teleportation {unknown}
 p - 5 scrolls of fear
 r - a scroll of magic mapping
 y - a scroll of immolation {unknown}
 z - a scroll of amnesia {unknown}
Potions
 q - a potion of flight
Comestibles
 g - 11 rations


   Skills:
 + Level 4.4 Fighting
 * Level 4.9 Short Blades
 - Level 1.7 Throwing
 * Level 4.5 Dodging
 + Level 6.1 Stealth


You had 7 spell levels left.
You didn't know any spells.
Your spell library was empty.

Dungeon Overview and Level Annotations

Branches:
Dungeon (5/15)             Temple (1/1) D:4

Altars:
Cheibriados
Dithmenos
Elyvilon
Fedhas
Gozag
Makhleb
Nemelex Xobeh
Qazlal
Ru
Sif Muna
Trog
Uskayaw
Vehumet
Wu Jian
Xom
Yredelemnul
Zin
The Shining One

Annotations:
D:3 1 runed translucent door, Swippen's ghost, amateur TrMo


Innate Abilities, Weirdness & Mutations

Your body is rotting away.
You thrive on raw meat.
You are immune to poison.
You have sharp fingernails.
You are carnivorous and can eat meat at any time.
Your flesh is cold resistant. (rC+)
You are immune to negative energy. (rN+++)
You do not regenerate when monsters are visible.
You are immune to unholy pain and torment.
You can survive without breathing.


Message History

You hit the wraith but do no damage.
The wraith is moderately damaged.
The wraith hits you but does no damage.
You barely miss the wraith.
The wraith is moderately damaged.
The wraith hits you!
* * * LOW HITPOINT WARNING * * *
You hit the wraith but do no damage.
The wraith is moderately damaged.
The wraith hits you but does no damage.
You closely miss the wraith.
The wraith is moderately damaged.
The wraith hits you.
* * * LOW HITPOINT WARNING * * *
The wraith drains your vigour!
You feel as though you will be slow longer.
You barely miss the wraith.
The wraith is moderately damaged.
The wraith hits you!
You die...

###########################
#.........................#
#.∩.....................∩.#
#.......#####+#####.......#
#......##.. ..##......#
#.....##.. #####.. ##.....#
#....##...##...##. ##....#
#....#...##.!.?.## .#....#
#....+...'@W!??..# ..+....#
#....#...##.!??.##...#....#
#....##...##...##...##....#
#.....##...#####...##.....#
#......##.........##......#
#.......#####'#####.......#
#.∩.....................∩.#
#.........................#
############'''############


You could see a wraith.

Vanquished Creatures
  Grinder (D:3)
  A phantom (D:4)
  An ogre (D:4)
  A hound (D:4)
  3 orc priests
  A bullfrog skeleton (D:4)
  Jessica (D:3)
  Terence (D:2)
  A hound zombie (D:3)
  A mummy (Ossuary)
  A howler monkey skeleton (D:3)
  7 adders
  5 gnolls (D:3)
  2 river rats
  An ooze (D:2)
  An adder zombie (D:3)
  2 worms (D:4)
  4 dart slugs
  2 leopard geckos
  6 orcs
  3 ball pythons (Sewer)
  5 giant cockroaches
  12 goblins
  5 hobgoblins
  9 jackals
  4 quokkas
  6 bats
  10 frilled lizards
  2 gnoll skeletons (Ossuary)
  5 kobolds
  2 kobold skeletons (Ossuary)
  21 orc skeletons (Ossuary)
  A quokka skeleton (D:4)
  11 rats
139 creatures vanquished.

Notes
Turn   | Place    | Note
-------+----------+-------------------------------------------
     0 | D:1      | Borgoz the Ghoul Assassin began the quest for the Orb.
     0 | D:1      | Reached XP level 1. HP: 17/17 MP: 0/0
    46 | D:1      | Reached skill level 1 in Dodging
   298 | D:1      | Reached XP level 2. HP: 18/24 MP: 1/1
   830 | D:2      | Reached XP level 3. HP: 22/30 MP: 2/2
  1039 | D:2      | Noticed Terence
  1065 | D:2      | HP: 1/29 [Terence/+0 hand axe (7)]
  1067 | D:2      | Killed Terence
  1067 | D:2      | Reached XP level 4. HP: 2/36 MP: 3/3
  1072 | D:2      | HP: 1/36 [dart slug (1)]
  1983 | D:2      | Reached skill level 5 in Stealth
  2296 | D:3      | Reached XP level 5. HP: 32/44 MP: 4/4
  2324 | D:3      | Noticed Grinder
  2342 | D:3      | Killed Grinder
  2342 | D:3      | Reached XP level 6. HP: 34/51 MP: 5/5
  2448 | D:3      | Noticed Jessica
  2462 | D:3      | Killed Jessica
  2499 | D:3      | Found a deep blue altar of Sif Muna.
  2628 | D:3      | Reached XP level 7. HP: 52/58 MP: 6/6
  2812 | D:3      | Found a shimmering altar of Xom.
  2926 | D:3      | Found a runed translucent door.
  2926 | D:3      | Noticed Swippen's ghost (amateur TrMo)
  3199 | D:4      | Found a glowing drain.
  3225 | Sewer    | Entered a sewer
  3722 | D:4      | Found a staircase to the Ecumenical Temple.
  3761 | Temple   | Entered the Ecumenical Temple
  3856 | Temple   | Became a worshipper of Dithmenos the Shadowed
  4310 | D:4      | Reached skill level 6 in Stealth
  5008 | D:5      | Entered Level 5 of the Dungeon
  5046 | D:5      | Found a sand-covered staircase.
  5050 | Ossuary  | Entered an ossuary
  5050 | Ossuary  | Noticed a wraith
  5050 | Ossuary  | Noticed a wraith
  5050 | Ossuary  | Noticed a wraith
  5102 | Ossuary  | Reached XP level 8. HP: 61/64 MP: 7/7
  5217 | Ossuary  | Reached * piety under Dithmenos
  5263 | Ossuary  | Noticed a wraith
  5297 | Ossuary  | Slain by a wraith

Skill      XL: |  1  2  3  4  5  6  7 |
---------------+----------------------+-----
Dodging        | 1 2 3 4 |  4.5
Short Blades   | 2 3 4 |  4.9
Stealth        | 5 6 |  6.1
Fighting       | 3 4 |  4.4
Throwing       | |  1.7

Action                   |  1- 3 |  4- 6 |  7- 9 || total
-------------------------+-------+-------+-------++-------
Melee: Dagger            |   119 |   215 |   329 ||   663
 Fire: Blowgun           |       |       |    13 ||    13
  Use: Scroll            |       |     1 |     5 ||     6
       Potion            |       |     1 |     5 ||     6
 Stab: Sleeping          |     4 |     1 |     9 ||    14
       Distracted        |       |       |     1 ||     1
  Eat: Chunk             |     4 |    16 |    12 ||    32
Armor: Robe              |    26 |    32 |    76 ||   134
Dodge: Dodged            |    62 |   135 |   169 ||   366
